 Dungeon Crawl Stone Soup version 0.30-a0-39-g42789b21ef (webtiles) character file.

Game seed: 18215823403977526518

1371 ytrimaz the Changer (level 8, -1/46 (52) HPs)
             Began as an Octopode Transmuter on Aug 28, 2022.
             Slain by a wight
             ... wielding a +3 long sword of freezing
              (2 damage)
             ... on level 6 of the Dungeon.
             The game lasted 00:07:24 (6782 turns).

ytrimaz the Changer (Octopode Transmuter)           Turns: 6782, Time: 00:07:24

HP:   -1/46 (52)    AC:  1    Str: 10    XL:     8   Next: 65%
MP:   0/16          EV: 13    Int: 19    God:
Gold: 171           SH:  0    Dex: 18    Spells: 9/18 levels left

rFire   + . .      SeeInvis .      - Unarmed
rCold   + . .      Faith    .    (no shield)
rNeg    . . .      Spirit   +    (helmet restricted)
rPois   .          Reflect  .    o - amulet "Vymoylly" {Spirit rF+}
rElec   .          Harm     .    c - +6 ring of dexterity
rCorr   .          Rampage  .    p - ring of Puma {rC+ Int+2}
Will    .....                    (no ring)
Stlth   +++.......               (no ring)
HPRegen 0.15/turn                (no ring)
MPRegen 0.15/turn                (no ring)
                                 (no ring)
                                 (no ring)

@: wereblooded, heavily drained
A: almost no armour, amphibious, 8 rings, camouflage 1, gelatinous body 1,
(nimble swimmer 1), tentacles
a: no special abilities


You were on level 6 of the Dungeon.
You visited 1 branch of the dungeon, and saw 6 of its levels.

You collected 408 gold pieces.
You spent 237 gold pieces at shops.

Inventory:

Jewellery
 c - a +6 ring of dexterity (left tentacle)
 o - the amulet "Vymoylly" (around mantle) {Spirit rF+}
   (You bought it in a shop on level 4 of the Dungeon)

   [amulet of guardian spirit]

   It causes incoming damage to be divided between your reserves of health and
   magic.
   rF:        It protects you from fire.
 p - the ring of Puma (right tentacle) {rC+ Int+2}
   (You found it on level 4 of the Dungeon)

   [ring of protection from cold]

   Int:       It affects your intelligence (+2).
   rC:        It protects you from cold.
Wands
 j - a wand of charming (3) (quivered)
Scrolls
 g - 4 scrolls of magic mapping
 k - a scroll of enchant weapon
 l - 4 scrolls of fog
 n - 3 scrolls of teleportation
 q - 2 scrolls of fear
Potions
 a - 2 potions of flight
 b - 2 potions of brilliance
 d - 3 potions of invisibility
 e - 3 potions of heal wounds
 f - 2 potions of ambrosia
 h - 2 potions of might
 i - a potion of curing
 m - 2 potions of haste {unknown}


   Skills:
 - Level 3.0 Fighting
 - Level 2.0 Dodging
 - Level 3.0 Unarmed Combat
 + Level 5.6 Spellcasting
 + Level 6.0 Transmutations
 - Level 4.0 Ice Magic
 - Level 4.0 Poison Magic


You had 9 spell levels left.
You knew the following spells:

 Your Spells              Type           Power      Damage    Failure   Level
a - Ice Form              Ice/Tmut       24%        N/A       14%         4
b - Wereblood             Tmut           28%        N/A       1%          2
c - Spider Form           Tmut/Pois      24%        N/A       4%          3

Your spell library contained the following spells:

 Spells                   Type           Power      Damage    Failure   Level
 Beastly Appendage        Tmut           56%        N/A       1%          1
 Passwall                 Tmut/Erth      13%        N/A       4%          2
 Magic Dart               Conj           20%        1d4       12%         1
 Sandblast                Erth           10%        2d5       12%         1
 Slow                     Hex            20%        N/A       12%         1
 Searing Ray              Conj           10%        2d4       19%         2
 Confusing Touch          Hex            5%         N/A       34%         3
 Dazzling Flash           Conj/Hex       10%        N/A       34%         3
 Stone Arrow              Conj/Erth      10%        3d7       34%         3
 Vampiric Draining        Necr           5%         2d6       34%         3
 Animate Dead             Necr           5%         N/A       75%         4
 Fulminant Prism          Conj/Hex       2%         3d6       75%         4
 Agony                    Necr           5%         N/A       97%         5
 Silence                  Hex/Air        2%         N/A       97%         5
 Haunt                    Necr/Summ      2%         N/A       100%        7
 Infestation              Necr           2%         N/A       100%        8
 Lehudib's Crystal Spear  Conj/Erth      2%         10d2      100%        8
 Animate Armour           Summ/Erth      Unusable   N/A       N/A         4

Dungeon Overview and Level Annotations

Branches:
Dungeon (6/15)
 Temple: D:4-7

Altars:
Cheibriados
Hepliaklqana
Nemelex Xobeh
Sif Muna

Shops:
D:3 *   D:4 *(   D:6 [?[


Innate Abilities, Weirdness & Mutations

You cannot wear most types of armour.
You are amphibious.
You can wear up to eight rings at the same time.
Your skin changes colour to match your surroundings (Stealth+).
Your rubbery body absorbs attacks. (AC +1, EV +1)
((You are camouflaged when in or above water. (Stealth+)))
You have tentacles for arms and can constrict up to eight enemies at once.


Message History

The bullfrog barely misses you.
You barely miss the bullfrog.
The bullfrog is moderately wounded.
The bullfrog closely misses you. The bullfrog completely misses you.
You barely miss the bullfrog.
The bullfrog is heavily wounded.
Your transformation is almost over.
The bullfrog hits you. x2
You barely miss the bullfrog.
The bullfrog is heavily wounded.
The bullfrog completely misses you.
Your attacks no longer feel as feeble.
The bullfrog misses you. The bullfrog attacks as you move away!
The bullfrog completely misses you. The bullfrog misses you.
The bullfrog attacks as you move away! The bullfrog barely misses you.
The bullfrog completely misses you.
Found a plate armour.
Your transformation has ended.
You kill the bullfrog!
Your Transmutations skill increases to level 6!
You howl as the wereblood boils in your veins!
The wight attacks as you move away! The wight misses you.
The wight attacks as you move away!
The wight hits you with a +3 long sword of freezing!
You feel drained. The wight attacks as you move away!
The wight barely misses you.
You howl as the wereblood boils in your veins!
The wight attacks as you move away!
The wight hits you with a +3 long sword of freezing!
* * * LOW HITPOINT WARNING * * *
You feel drained.
* * * LOW HITPOINT WARNING * * *
You howl as the wereblood boils in your veins!
The wight attacks as you move away!
The wight hits you with a +3 long sword of freezing!
* * * LOW HITPOINT WARNING * * *
You feel drained.
You die...

#...# #.#..## ...........
#...######.#)..#. ##.........
#....zo.....###...##.......#..
#...######....................
#...## ######.####.......#..
#..†.## ###..[.###..#.#.##...
#######>.####...####...##.#.##...
...#####..#...####....###.#.##...
.............o.z@................
...#.####.#####...#######..)...#.
####.# ##.## #..#.# #.#<##### #.#
#...# #.##.#### ..#^# #.#
#...###........ ..#.# #.#
#.......#######..# #.
####.###......## #...#.#
......##....### #..#.#
.........##.....# ###..#.#####


You could see an orc warrior and a wight.

Vanquished Creatures
  2 black bears
  2 ogres (D:5)
  A phantom (D:4)
  2 bullfrogs
  2 scorpions
  3 wights (D:6)
  An electric eel (D:6)
  A hound (D:5)
  2 jellies (D:5)
  A gnoll bouda (D:6)
  An orc priest (D:5)
  2 iguanas (D:4)
  3 orc wizards (D:5)
  7 gnolls
  6 adders
  2 ufetubi (D:4)
  2 worms
  3 dart slugs
  13 orcs
  2 endoplasms
  7 giant cockroaches
  6 goblins
  10 hobgoblins
  4 jackals (D:3)
  7 quokkas
  3 ball pythons
  4 bats
  3 frilled lizards
  5 kobolds
  2 rats (D:2)
109 creatures vanquished.

Notes
Turn   | Place    | Note
-------+----------+-------------------------------------------
     0 | D:1      | ytrimaz the Octopode Transmuter began the quest for the
                  | Orb.
     0 | D:1      | Reached XP level 1. HP: 13/13 MP: 3/3
   825 | D:1      | Reached XP level 2. HP: 19/19 MP: 1/5
  1730 | D:2      | Reached XP level 3. HP: 25/25 MP: 4/6
  1733 | D:2      | Learned a level 2 spell: Wereblood
  1737 | D:2      | Learned a level 3 spell: Spider Form
  2281 | D:3      | Reached skill level 1 in Poison Magic
  2335 | D:3      | Reached XP level 4. HP: 18/31 MP: 7/7
  2520 | D:3      | Found Rairrarr's Assorted Antiques.
  2542 | D:3      | Bought a scroll labelled DEMORR TIKK for 24 gold pieces
  2542 | D:3      | Bought 3 scrolls labelled EBLUUKOEDI for 72 gold pieces
  2542 | D:3      | Bought a sedimented grey potion for 21 gold pieces
  3239 | D:3      | Found a shimmering blue altar of Sif Muna.
  3532 | D:4      | Found Bejefuri's Weapon Emporium.
  3556 | D:4      | Reached XP level 5. HP: 35/36 MP: 4/8
  3568 | D:4      | Learned a level 4 spell: Ice Form
  3696 | D:4      | Found Fycruu Vika's Assorted Antiques.
  3701 | D:4      | Bought a crude bone amulet for 120 gold pieces
  3701 | D:4      | Identified the amulet "Vymoylly" {Spirit rF+} (You bought
                  | it in a shop on level 4 of the Dungeon)
  3878 | D:4      | Found a snail-covered altar of Cheibriados.
  4024 | D:4      | Identified the ring of Puma {rC+ Int+2}
  4136 | D:4      | Reached skill level 3 in Transmutations
  4136 | D:4      | Reached XP level 6. HP: 33/42 MP: 5/10
  4493 | D:4      | Reached skill level 1 in Ice Magic
  4683 | D:4      | Found a hazy altar of Hepliaklqana.
  4683 | D:4      | Found a sparkling altar of Nemelex Xobeh.
  4817 | D:5      | Entered Level 5 of the Dungeon
  4970 | D:5      | Reached XP level 7. HP: 46/46 MP: 5/12
  5208 | D:5      | Reached skill level 4 in Transmutations
  5977 | D:5      | Reached XP level 8. HP: 52/52 MP: 9/14
  6205 | D:6      | Reached skill level 5 in Transmutations
  6405 | D:6      | Found Kets's Armour Emporium.
  6407 | D:6      | Found Cytoig's Antique Armour Shop.
  6408 | D:6      | Found Ijarit's Magic Scroll Emporium.
  6515 | D:6      | Reached skill level 5 in Spellcasting
  6775 | D:6      | Reached skill level 6 in Transmutations
  6782 | D:6      | HP: 1/48 [wight/+3 long sword of freezing (9)]
  6782 | D:6      | Slain by a wight

Illustrated notes

Levels and vault maps discovered:
D:1:      grunt_arrival_crossed_arrows, layout_loops_corners
D:2:      layout_basic, chequers_garden, wander_ebering_terrifying_dragon_lair
D:3:      layout_rooms, lemuel_blue_sif_altar, serial_shops, shop,
          minmay_door_square, kennysheep_decorative_pillar
D:4:      minmay_thinvault, layout_gridville, nicolae_overflow_crystal_walls,
          gammafunk_temple_overflow_elements, serial_shops,
          kennysheep_little_box, shop
D:5:      layout_loops_cross, minivault_23, fountainhead
D:6:      layout_rooms, serial_shops, nicolae_lakefront_shop,
          nicolae_wooded_promenade, nicolae_kite_square_tiling_tiny,
          minmay_manual_mail

Skill      XL: |  1  2  3  4  5  6  7  8 |
---------------+-------------------------+-----
Fighting       | 2 3 |  3.0
Poison Magic   | 1 2 3 4 |  4.0
Transmutations | 3 4 6 |  6.0
Spellcasting   | 3 4 5 |  5.6
Ice Magic      | 2 4 |  4.0
Dodging        | |  2.0
Unarmed Combat | |  3.0

Action                   |  1- 3 |  4- 6 |  7- 9 || total
-------------------------+-------+-------+-------++-------
Melee: Unarmed           |    74 |   120 |    90 ||   284
       Constrict         |    19 |    14 |     1 ||    34
       Kick              |    11 |     1 |       ||    12
       Tentacles         |    13 |    12 |     1 ||    26
       Punch             |     2 |     2 |       ||     4
 Cast: Beastly Appendage |    16 |     3 |       ||    19
       Spider Form       |     2 |    10 |     8 ||    20
       Wereblood         |     1 |     1 |     2 ||     4
       Ice Form          |       |     2 |     5 ||     7
 Abil: End Transformatio |       |       |     1 ||     1
Evoke: Wand              |       |       |     1 ||     1
  Use: Scroll            |     6 |    12 |     1 ||    19
       Potion            |       |       |     1 ||     1
 Stab: Sleeping          |     2 |     4 |     1 ||     7
       Betrayed ally     |       |       |     1 ||     1
Armor: Skin              |     8 |    10 |    17 ||    35
Dodge: Dodged            |    63 |    97 |    73 ||   233

Table legend: (Time is in decaauts)
 A = Elapsed time spent in this place.
 B = Non-inter-level travel time spent in this place.
 C = Inter-level travel time spent in this place.
 D = Time resting spent in this place.
 E = Time spent auto-exploring this place.
 F = Levels seen in this place.
 G = Mean time per level.
                   A        B        C        D        E       F      G
               +--------+--------+--------+--------+--------+-----+--------+
         Total |   6762 |   6624 |    138 |     53 |   5634 |   6 | 1127.0 |
       Dungeon |   6762 |   6624 |    138 |     53 |   5634 |   6 | 1127.0 |
               +--------+--------+--------+--------+--------+-----+--------+

Top non-repeatable levels by time:
     D:4: 1537 daAuts
     D:5: 1214 daAuts
     D:2: 1170 daAuts
     D:1: 1091 daAuts
     D:3: 1005 daAuts
     D:6: 744 daAuts
